 Dungeon Crawl Stone Soup version 0.32-a0-42-ga30500b4d3 (webtiles) character file.

Game seed: 16527157733129225222

17 allhailveto the Covered (level 2, -2/19 HPs)
             Began as a Gargoyle Fighter on Jan 26, 2024.
             Slain by a hobgoblin (4 damage)
             ... on level 1 of the Dungeon.
             The game lasted 00:04:32 (497 turns).

allhailveto the Covered (Gargoyle Fighter)           Turns: 497, Time: 00:04:33

Health: -2/19      AC:  9    Str: 19    XL:     2   Next: 62%
Magic:  2/2        EV:  9    Int:  8    God:
Gold:   28         SH:  4    Dex:  9    Spells: 1/1 levels left

rFire   . . .        a - +0 flail
rCold   . . .        c - +0 buckler
rNeg    + . .        b - +0 scale mail
rPois   ∞            (no helmet)
rElec   +            (no cloak)
rCorr   .            (no gloves)
SInv    .            (no boots)
Will    .....        (no amulet) Stlth
                     (no ring)
HPRegen 0.23/turn    (no ring)
MPRegen 0.08/turn

%: no passive effects
@: no status effects
A: sickness immunity, AC +2, negative energy resistance 1, electricity
resistance, torment resistance 1, petrification resistance
a: no special abilities


You were on level 1 of the Dungeon.
You visited 1 branch of the dungeon, and saw 1 of its levels.

You collected 28 gold pieces.

Inventory:

Hand Weapons
 a - a +0 flail (weapon)
Armour
 b - a +0 scale mail (worn)
 c - a +0 buckler (worn)
Scrolls
 e - 2 scrolls of poison {unknown}
 f - 2 scrolls of identify {unknown}
Potions
 d - a potion of might


   Skills:
 + Level 3.5 Fighting
 + Level 2.3 Maces & Flails
 + Level 3.6 Armour
 + Level 3.4 Shields


You had one spell level left.
You didn't know any spells.
Your spell library was empty.

Dungeon Overview and Level Annotations

Branches:
Dungeon (1/15)

Altars:


Innate Abilities, Weirdness & Mutations

You are immune to sickness and miasma.
Your stone body is resilient. (AC +2)
You are immune to poison.
You resist negative energy. (rN+)
You are resistant to electric shocks. (rElec)
You are resistant to unholy torment.
You are immune to petrification.


Message History

You block the hobgoblin's attack. The bat hits you but does no damage.
The rat bites you but does no damage.
A frilled lizard comes into view.
The frilled lizard hisses angrily.
The hobgoblin closely misses you.
A dart slug comes into view.
Things that are here:
a +0 dagger; a stone; a kobold corpse The bat barely misses you.
The hobgoblin hits you but does no damage.
The dart slug launches a dart at you.
The slug dart hits you but does no damage.
You closely miss the rat. The hobgoblin hits you. The rat bites you.
The hobgoblin attacks as it pursues you!
You block the hobgoblin's attack. The rat bites you.
You block the hobgoblin's attack. The frilled lizard barely misses you.
The rat attacks as it pursues you! The rat bites you but does no damage.
You miss the frilled lizard.
The hobgoblin hits you but does no damage.
The frilled lizard bites you. The rat bites you but does no damage.
The hobgoblin misses you. The frilled lizard bites you.
You thump the frilled lizard!
You kill the frilled lizard!
The rat bites you.
* * * LOW HITPOINT WARNING * * *
The rat bites you but does no damage. The hobgoblin hits you.
* * * LOW HITPOINT WARNING * * *
You block the rat's attack.
You thump the dart slug!
You kill the dart slug!
The rat barely misses you.
The hobgoblin hits you but does no damage.
You block the rat's attack. You block the rat's attack.
You see here a dart slug corpse.
You closely miss the hobgoblin. The hobgoblin hits you.
* * * LOW HITPOINT WARNING * * *
The rat twitches its whiskers.
The rat completely misses you. The hobgoblin hits you.
You die...

#.. ##.# .# ...#
.# .<.### # .. .
.....# #. .##.#
.###.# #. ....
.#...#
#.###..####
##.### #..
#.#..........
...# #.# #...r@#
.### #.# #####g#
.# #.# #...br# ##
#.# #.#.)## #.#
#.#..#
########.###....#
..............#.#
.........###.##.#
.............##.#


You could see a hobgoblin, a bat and 2 rats.

Vanquished Creatures
  2 dart slugs (D:1)
  An endoplasm (D:1)
  2 goblins (D:1)
  A hobgoblin (D:1)
  2 kobolds (D:1)
  A ball python (D:1)
  A bat (D:1)
  2 frilled lizards (D:1)
  2 rats (D:1)
14 creatures vanquished.

Notes
Turn   | Place    | Note
-------+----------+-------------------------------------------
     0 | D:1      | allhailveto the Gargoyle Fighter began the quest for the
                  | Orb.
     0 | D:1      | Reached XP level 1. HP: 14/14 MP: 1/1
   443 | D:1      | Reached XP level 2. HP: 19/19 MP: 2/2
   497 | D:1      | Slain by a hobgoblin

Illustrated notes

Levels and vault maps discovered:
D:1:      psy_arrival_radial02, layout_basic,
          hellmonk_ecumenical_altar_inner_sanctum,
          chequers_serial_rivers_room_a, minmay_lizard_pond

Action                     || total
---------------------------++-------
  Melee: Flail             ||    46
 Armour: Scale mail        ||    52
  Dodge: Dodged            ||    34
  Block: Buckler           ||    15

Table legend: (Time is in decaauts)
 A = Elapsed time spent in this place.
 B = Non-inter-level travel time spent in this place.
 C = Inter-level travel time spent in this place.
 D = Time resting spent in this place.
 E = Time spent auto-exploring this place.
 F = Levels seen in this place.
 G = Mean time per level.
                   A        B        C        D        E       F      G
               +--------+--------+--------+--------+--------+-----+--------+
         Total |    511 |    509 |      2 |      0 |     50 |   1 |  511.0 |
       Dungeon |    511 |    509 |      2 |      0 |     50 |   1 |  511.0 |
               +--------+--------+--------+--------+--------+-----+--------+

Top non-repeatable levels by time:
     D:1: 511 daAuts
